 Dungeon Crawl Stone Soup version 0.31-a0-180-g519b7de00c (webtiles) character file.

Game seed: 6028103214349270689

52 Ijustatesigmund the Stinger (level 3, -16/23 HPs)
             Began as an Octopode Venom Mage on June 20, 2023.
             Demolished by a gnoll
             ... wielding a +4 flail
              (19 damage)
             ... on level 2 of the Dungeon.
             The game lasted 00:01:55 (1188 turns).

Ijustatesigmund the Stinger (Octopode Venom Mage)   Turns: 1188, Time: 00:01:56

Health: -16/23     AC:  1    Str:  7    XL:     3   Next: 85%
Magic:  6/6        EV: 13    Int: 19    God:
Gold:   111        SH:  0    Dex: 12    Spells: 1/7 levels left

rFire   . . .        f - +4 dagger (venom)
rCold   . . .        (no shield)
rNeg    . . .        (helmet restricted)
rPois   .            (no amulet)
rElec   .            c - +4 ring of slaying
rCorr   .            (no ring)
SInv    .            (no ring)
Will    .....        (no ring)
Stlth   +++          (no ring)
HPRegen 0.23/turn    (no ring)
MPRegen 0.10/turn    (no ring)
                     (no ring)

%: no passive effects
@: no status effects
A: almost no armour, amphibious, 8 rings, camouflage 1, gelatinous body 1,
(nimble swimmer 1), tentacles
a: no special abilities


You were on level 2 of the Dungeon.
You visited 1 branch of the dungeon, and saw 2 of its levels.

You collected 111 gold pieces.

Inventory:

Hand Weapons
 f - a +4 dagger of venom (weapon)
Jewellery
 c - a +4 ring of slaying (left tentacle)
Scrolls
 b - a scroll of identify
 h - a scroll of fog {unknown}
 i - a scroll of immolation {unknown}
Potions
 a - a potion of magic
 d - a potion of mutation {unknown}
 e - 2 potions of degeneration
 g - a potion of enlightenment {unknown}


   Skills:
 - Level 1.3 Fighting
 - Level 2.0 Dodging
 - Level 2.6 Stealth
 + Level 2.5 Spellcasting
 + Level 0.8 Conjurations
 - Level 1.0 Transmutations
 + Level 0.6 Air Magic
 + Level 4.3 Poison Magic


You had one spell level left.
You knew the following spells:

 Your Spells              Type           Power      Damage    Failure   Level
a - Sting                 Tmut/Pois      48%        1d5       5%          1
b - Poisonous Vapours     Pois/Air       22%        N/A       9%          2
c - Mephitic Cloud        Conj/Pois/Air  9%         N/A       22%         3

Your spell library contained the following spells:

 Spells                   Type           Power      Damage    Failure   Level
 Olgreb's Toxic Radiance  Pois           18%        N/A       26%         4


Dungeon Overview and Level Annotations

Branches:
Dungeon (2/15)

Altars:

Shops:
D:1 (


Innate Abilities, Weirdness & Mutations

You cannot wear most types of armour.
You are amphibious.
You can wear up to eight rings at the same time.
Your skin changes colour to match your surroundings (Stealth+).
Your rubbery body absorbs attacks. (AC +1, EV +1)
((You are camouflaged when in or above water. (Stealth+)))
You have tentacles for arms and can constrict up to eight enemies at once.


Message History

A gnoll comes into view. It is wielding a +0 halberd.
You hit the kobold but do no damage.
The kobold is poisoned.
You grab the kobold.
You constrict the kobold, but do no damage.
The kobold hits you with a +0 club.
A gnoll comes into view. It is wielding a +4 flail.
The gnoll shouts!
You hit the kobold.
You kill the kobold!
A gnoll comes into view. It is wielding a +0 whip.
You closely miss the bat. You grab the bat.
You squeeze the bat, but do no damage. You constrict the bat.
The bat barely misses you. The bat hits you but does no damage.
The bat struggles to escape constriction.
A gnoll comes into view. It is wielding a +0 flail.
You hit the bat.
You kill the bat!
The gnoll hits you from afar with a +0 halberd!
Things that are here:
a +0 club; 5 stones; a kobold corpse
Found a yellow potion.
The gnoll closely misses you.
You hit the gnoll.
The gnoll is poisoned.
You grab the gnoll.
The gnoll is moderately wounded.
You constrict the gnoll, but do no damage.
The gnoll barely misses you. The gnoll hits you with a +0 whip.
The gnoll barely misses you.
You are too injured to fight recklessly!
You are too injured to fight recklessly!
You are too injured to fight recklessly!
You are too injured to fight recklessly!
Unknown command.
As you read the scroll labelled MUSHRU OMPUEN, it crumbles to dust.
It is a scroll of identify.
e - 2 potions of degeneration You constrict the gnoll.
The gnoll barely misses you. The gnoll hits you with a +0 whip.
* * * LOW HITPOINT WARNING * * *
The gnoll hits you with a +4 flail!!
Ouch! That really hurt!
You die...

#.# #.........#
........##.# #........)#
........##.# ######....#
........##.# #....#
........##.# #....#
!.......##.# ####..
.......g##.############.
......gg+...............
......g@##'######.......
#######.)......##.......
#...$....##.......
#........##.......
####+######.......
###..†..# +.....#.#
#####)#.# . #.#.#


You could see 4 gnolls.

Vanquished Creatures
  An adder (D:2)
  4 ball pythons
  4 bats
  2 endoplasms (D:1)
  A giant cockroach (D:1)
  3 hobgoblins
  5 jackals (D:1)
  4 kobolds
  5 quokkas
  A frilled lizard (D:1)
  5 goblins
  A rat (D:2)
36 creatures vanquished.

Notes
Turn   | Place    | Note
-------+----------+-------------------------------------------
     0 | D:1      | Ijustatesigmund the Octopode Venom Mage began the quest for
                  | the Orb.
     0 | D:1      | Reached XP level 1. HP: 11/11 MP: 3/3
   198 | D:1      | Reached XP level 2. HP: 12/18 MP: 0/5
   201 | D:1      | Learned a level 2 spell: Poisonous Vapours
   475 | D:1      | Reached skill level 1 in Fighting
   506 | D:1      | Reached skill level 4 in Poison Magic
   628 | D:1      | Found Foerr's Weapon Boutique.
   692 | D:1      | Reached XP level 3. HP: 23/23 MP: 6/6
   696 | D:1      | Learned a level 3 spell: Mephitic Cloud
  1188 | D:2      | Demolished by a gnoll

Illustrated notes

Levels and vault maps discovered:
D:1:      ldierk_walled_garden, layout_loops_ring, serial_shops, shop
D:2:      layout_basic, serial_bayou_pond_c, kennysheep_jessica_study

Skill      XL: |  1  2 |
---------------+-------+-----
Fighting       | 1 |  1.3
Poison Magic   | 4 |  4.3
Dodging        | |  2.0
Stealth        | |  2.6
Spellcasting   | |  2.5
Conjurations   | |  0.8
Transmutations | |  1.0
Air Magic      | |  0.6

Action                     || total
---------------------------++-------
  Melee: Unarmed           ||     9
         Constrict         ||    10
         Tentacles         ||     3
         Dagger            ||    39
   Cast: Sting             ||    13
         Poisonous Vapours ||     1
    Use: Scroll            ||     1
   Stab: Sleeping          ||     9
 Armour: Skin              ||     4
  Dodge: Dodged            ||    24

Table legend: (Time is in decaauts)
 A = Elapsed time spent in this place.
 B = Non-inter-level travel time spent in this place.
 C = Inter-level travel time spent in this place.
 D = Time resting spent in this place.
 E = Time spent auto-exploring this place.
 F = Levels seen in this place.
 G = Mean time per level.
                   A        B        C        D        E       F      G
               +--------+--------+--------+--------+--------+-----+--------+
         Total |   1186 |   1169 |     17 |    143 |    812 |   2 |  593.0 |
       Dungeon |   1186 |   1169 |     17 |    143 |    812 |   2 |  593.0 |
               +--------+--------+--------+--------+--------+-----+--------+

Top non-repeatable levels by time:
     D:1: 909 daAuts
     D:2: 276 daAuts
